[Event "Israel-ch Women 2021"]
[Site "Haifa"]
[Date "2021.03.07"]
[Round "1.18"]
[White "Gadasi, Noam"]
[Black "Katkov, Michelle"]
[Result "0-1"]
[ECO "E04"]
[WhiteElo "1781"]
[BlackElo "2078"]
[Annotator "ChessBase"]
[PlyCount "82"]
[EventDate "2021.01.10"]
[EventType "swiss"]
[EventCountry "ISR"]
[SourceTitle "playchess.com"]
[Source "ChessBase"]
[SourceQuality "1"]
[TimeControl "40/5400+30:3600+30"]

1. c4 Nf6 2. g3 e6 3. Bg2 d5 4. d4 dxc4 5. Nf3 a6 6. O-O Nc6 7. e3 Rb8 8. Qe2 b5 9. b3 cxb3 10. axb3 Be7 11. Bb2 O-O 12. Rc1 Bb7 13. Nbd2 Nb4 14. Ne5 Bxg2 15. Kxg2 Rb6 16. Qf3 Bd6 17. Nc6 Qa8 18. Nxb4 Bxb4 19. Bc3 Bxc3 20. Rxc3 Nd5 21. Rc5 Rc6 22. Ne4 Rxc5 23. Nxc5 Nb4 24. e4 Rd8 25. Qc3 a5 26. Rxa5 Qxa5 27. Nb7 Qa8 28. Nxd8 Qxe4+ 29. Qf3 Qxf3+ 30. Kxf3 Kf8 31. Ke3 Ke7 32. Nb7 Kd7 33. Nc5+ Kc6 34. Ne4 f5 35. Nc3 Nd5+ 36. Kd3 Nxc3 37. Kxc3 Kd5 38. f4 c5 39. dxc5 Kxc5 40. h3 h6 41. h4 g6 0-1

[Event "Israel-ch Women 2021"]
[Site "Haifa"]
[Date "2021.03.07"]
[Round "1.19"]
[White "Levitan, Ronit"]
[Black "Aleksandrova, Aleksandra"]
[Result "1-0"]
[ECO "B12"]
[WhiteElo "2048"]
[BlackElo "1769"]
[Annotator "ChessBase"]
[PlyCount "75"]
[EventDate "2021.01.10"]
[EventType "swiss"]
[EventCountry "ISR"]
[SourceTitle "playchess.com"]
[Source "ChessBase"]
[SourceQuality "1"]
[TimeControl "40/5400+30:3600+30"]

1. e4 d6 2. d4 c6 3. Nc3 Nd7 4. Nf3 Qc7 5. a4 e5 6. Bc4 Be7 7. a5 Rb8 8. Ng5 Bxg5 9. Bxg5 Ndf6 10. O-O h6 11. Be3 b5 12. axb6 axb6 13. dxe5 dxe5 14. Be2 Be6 15. f3 Nd7 16. Qe1 Ne7 17. Qg3 Ng6 18. Na2 O-O 19. Nb4 Qd6 20. Nd3 Nf6 21. Ra6 Bc4 22. Rxb6 Rxb6 23. Bxb6 Bxd3 24. Bxd3 Nf4 25. Be3 N6h5 26. Qg4 Nf6 27. Qh4 Nxd3 28. cxd3 Qxd3 29. Bxh6 Qd4+ 30. Kh1 Qd3 31. Rg1 Nxe4 32. Bxg7 Kxg7 33. fxe4 Qd4 34. Rf1 f6 35. Qg4+ Kf7 36. Rd1 Qc4 37. h3 Qe6 38. Rd7+ 1-0

[Event "Israel-ch Women 2021"]
[Site "Haifa"]
[Date "2021.03.07"]
[Round "1.22"]
[White "Orian, Noga"]
[Black "Reprun, Nadejda"]
[Result "1/2-1/2"]
[ECO "D02"]
[WhiteElo "1658"]
[BlackElo "1968"]
[Annotator "ChessBase"]
[PlyCount "65"]
[EventDate "2021.01.10"]
[EventType "swiss"]
[EventCountry "ISR"]
[SourceTitle "playchess.com"]
[Source "ChessBase"]
[SourceQuality "1"]
[TimeControl "40/5400+30:3600+30"]

1. d4 d5 2. Nf3 Nf6 3. Bf4 e6 4. e3 Bd6 5. Bxd6 Qxd6 6. c4 O-O 7. Nc3 c5 8. cxd5 exd5 9. Be2 Nc6 10. O-O c4 11. Rc1 Rb8 12. b3 b5 13. bxc4 bxc4 14. Nd2 Re8 15. e4 Nxd4 16. exd5 Nxe2+ 17. Nxe2 Qxd5 18. Nc3 Qd3 19. Nf3 Qxd1 20. Rfxd1 Bf5 21. Nd5 Bd3 22. Nxf6+ gxf6 23. Ne1 Re2 24. Nxd3 cxd3 25. Rxd3 Rxa2 26. Rf3 Rab2 27. Rxf6 Rb1 28. Rfc6 Rxc1+ 29. Rxc1 a5 30. Kf1 a4 31. Ra1 Rb4 32. Ra2 h5 33. Ke2 1/2-1/2

[Event "Israel-ch Women 2021"]
[Site "Haifa"]
[Date "2021.03.07"]
[Round "1.23"]
[White "Vardi, Shlomit"]
[Black "Kochavi, Dana"]
[Result "1-0"]
[ECO "B10"]
[WhiteElo "1901"]
[BlackElo "1572"]
[Annotator "ChessBase"]
[PlyCount "75"]
[EventDate "2021.01.10"]
[EventType "swiss"]
[EventCountry "ISR"]
[SourceTitle "playchess.com"]
[Source "ChessBase"]
[SourceQuality "1"]
[TimeControl "40/5400+30:3600+30"]

1. e4 c6 2. d3 d5 3. Nd2 e5 4. Ngf3 Bd6 5. g3 Nf6 6. Bg2 O-O 7. O-O Re8 8. c3 a5 9. Re1 Qc7 10. h3 Nbd7 11. Nf1 dxe4 12. dxe4 Nc5 13. Nh4 h6 14. Qc2 Be6 15. Ne3 Bf8 16. Rd1 b5 17. b3 a4 18. Rb1 axb3 19. axb3 Ra7 20. b4 Ncd7 21. c4 bxc4 22. Nxc4 Rea8 23. Bd2 Ra2 24. Qc3 Bxc4 25. Qxc4 Nb6 26. Qc1 Qb7 27. Be3 Nbd7 28. Qc4 R2a4 29. Nf5 Qc7 30. Rdc1 c5 31. Qb5 Qb8 32. bxc5 Qxb5 33. Rxb5 Rc8 34. c6 Nb8 35. c7 Nbd7 36. Rb7 Nxe4 37. Bxe4 Rxe4 38. Rd1 1-0

[Event "Israel-ch Women 2021"]
[Site "Haifa"]
[Date "2021.03.08"]
[Round "2.18"]
[White "Katkov, Michelle"]
[Black "Levitan, Ronit"]
[Result "1-0"]
[ECO "C54"]
[WhiteElo "2078"]
[BlackElo "2048"]
[Annotator "ChessBase"]
[PlyCount "155"]
[EventDate "2021.01.10"]
[EventType "swiss"]
[EventCountry "ISR"]
[SourceTitle "playchess.com"]
[Source "ChessBase"]
[SourceQuality "1"]
[TimeControl "40/5400+30:3600+30"]

1. e4 e5 2. Nf3 Nc6 3. Bc4 Bc5 4. c3 Nf6 5. d3 d6 6. Nbd2 Bb6 7. Bb3 Ne7 8. Nc4 Ng6 9. h3 h6 10. O-O O-O 11. Re1 c6 12. Nxb6 Qxb6 13. d4 Re8 14. Be3 c5 15. dxc5 dxc5 16. Nd2 Qc7 17. Qf3 Qe7 18. a4 b6 19. Nf1 Bb7 20. Qg3 Kh8 21. f3 Nh5 22. Qf2 Ngf4 23. Red1 f5 24. exf5 e4 25. Bxf4 Nxf4 26. fxe4 Qxe4 27. Ng3 Qxg2+ 28. Qxg2 Bxg2 29. Kh2 Bxh3 30. Rd7 Bg4 31. Rf1 Ne2 32. Nxe2 Rxe2+ 33. Kg3 h5 34. Bd1 Re3+ 35. Kh4 Bxd1 36. Rfxd1 Rae8 37. Rg1 R8e7 38. Rd8+ Re8 39. Rd7 R8e7 40. Rd8+ Re8 41. Rxe8+ Rxe8 42. Kxh5 Kh7 43. Rd1 Re7 44. Rd2 Rf7 45. Kg5 Re7 46. Rd3 Re2 47. b3 Re7 48. Kf4 Kg8 49. Re3 Rd7 50. Ke4 Kf7 51. Rd3 Re7+ 52. Kf4 Kf6 53. Rd6+ Kf7 54. Rd8 Rc7 55. Ke5 Re7+ 56. Kd5 Kf6 57. Rf8+ Kg5 58. b4 Re3 59. bxc5 bxc5 60. c4 Ra3 61. Kxc5 Rxa4 62. Kd5 Ra1 63. c5 a5 64. c6 Rd1+ 65. Ke6 Re1+ 66. Kd6 Rd1+ 67. Kc5 Rc1+ 68. Kb6 a4 69. c7 a3 70. c8=Q Rxc8 71. Rxc8 Kxf5 72. Kc5 g5 73. Kd4 Kf4 74. Rf8+ Kg3 75. Ke3 g4 76. Rg8 Kh3 77. Kf2 a2 78. Rh8# 1-0

[Event "Israel-ch Women 2021"]
[Site "Haifa"]
[Date "2021.03.08"]
[Round "2.20"]
[White "Reprun, Nadejda"]
[Black "Shaul Seidner, Liad"]
[Result "1-0"]
[ECO "B42"]
[WhiteElo "1968"]
[BlackElo "1687"]
[Annotator "ChessBase"]
[PlyCount "123"]
[EventDate "2021.01.10"]
[EventType "swiss"]
[EventCountry "ISR"]
[SourceTitle "playchess.com"]
[Source "ChessBase"]
[SourceQuality "1"]
[TimeControl "40/5400+30:3600+30"]

1. e4 c5 2. Nf3 e6 3. d4 cxd4 4. Nxd4 a6 5. Bd3 Bc5 6. Nb3 Ba7 7. Qg4 Qf6 8. f4 Nh6 9. Qh3 Qg6 10. Nc3 Qg4 11. Qxg4 Nxg4 12. Nd1 b5 13. h3 Nf6 14. Be3 d6 15. Bxa7 Rxa7 16. a3 Nbd7 17. Nc3 Bb7 18. O-O Nc5 19. Nxc5 dxc5 20. e5 Nd5 21. Ne4 c4 22. Nd6+ Ke7 23. Be4 Ba8 24. Bxd5 Bxd5 25. c3 Rb8 26. Rfd1 g6 27. Kf2 Rd7 28. Rd4 Rxd6 29. exd6+ Kxd6 30. g4 h6 31. Rad1 Kc5 32. f5 Rf8 33. Kg3 h5 34. R1d2 h4+ 35. Kxh4 gxf5 36. gxf5 Rh8+ 37. Kg3 Rh5 38. fxe6 fxe6 39. h4 Re5 40. Rf4 a5 41. Rf8 Re3+ 42. Kg4 Re4+ 43. Rf4 Re1 44. Kg5 b4 45. h5 bxa3 46. bxa3 e5 47. Rh4 e4 48. h6 e3 49. Rxd5+ Kxd5 50. h7 e2 51. h8=Q Rg1+ 52. Kh6 e1=Q 53. Qd8+ Ke6 54. Qe8+ Kf5 55. Qf7+ Ke5 56. Qe7+ Kf5 57. Qc5+ Kf6 58. Rf4+ Ke6 59. Qxc4+ Kd6 60. Rd4+ Ke5 61. Qd5+ Kf6 62. Rf4+ 1-0

[Event "Israel-ch Women 2021"]
[Site "Haifa"]
[Date "2021.03.08"]
[Round "2.21"]
[White "Lian, Marina"]
[Black "Orian, Noga"]
[Result "0-1"]
[ECO "B23"]
[WhiteElo "1870"]
[BlackElo "1658"]
[Annotator "NA RC"]
[PlyCount "81"]
[EventDate "2021.01.10"]
[EventType "swiss"]
[EventCountry "ISR"]
[SourceTitle "playchess.com"]
[Source "ChessBase"]
[SourceQuality "1"]
[TimeControl "40/5400+30:3600+30"]

1. e4 c5 2. Nc3 Nc6 3. f4 e6 4. Nf3 d5 5. Bb5 d4 6. Ne2 Nge7 7. Ng3 Qc7 8. O-O Bd7 9. c3 O-O-O 10. cxd4 cxd4 (10... Nxd4 $11 11. Nxd4 cxd4 12. Bxd7+ Qxd7) 11. d3 a6 12. Ba4 f6 13. Bd2 Qb6 14. b4 Na7 15. Bxd7+ Kxd7 16. a4 Nec6 17. b5 axb5 18. a5 (18. axb5 $18 Qxb5 19. Qc2) 18... Qa6 $1 19. Qb3 Re8 (19... b4 $14) 20. e5 f5 21. Rfc1 b4 22. Ne2 ({Much weaker is} 22. Nxf5 exf5 23. Nxd4 (23. Qf7+ Be7 $15) 23... Kc8 $17) 22... Nb5 23. Qb2 Qa7 24. Rc4 Nc3 ({Not} 24... Nxa5 $2 25. Rxb4 Bxb4 26. Bxb4 $18) (24... Rc8 $14) 25. Nexd4 Nb5 26. Kh1 Na3 $18 (26... Nbxd4 27. Nxd4 Ra8 28. Nxc6 bxc6) 27. Rcc1 Qxa5 28. Nxc6 bxc6 29. Qd4+ Kc7 30. Qf2 Qb6 31. Be3 Qa6 32. Nd2 Qxd3 33. Bb6+ Kb7 34. Ba5 Qb5 35. Nb3 Ra8 $2 (35... Rc8) 36. Nc5+ Kc8 37. Bxb4 Qxb4 38. Nxe6 Kd7 39. Ng5 Bc5 40. e6+ Kc7 41. Qc2 0-1

[Event "Israel-ch Women 2021"]
[Site "Haifa"]
[Date "2021.03.08"]
[Round "2.22"]
[White "Aleksandrova, Aleksandra"]
[Black "Haitovich, Avital"]
[Result "1/2-1/2"]
[ECO "D00"]
[WhiteElo "1769"]
[BlackElo "1981"]
[Annotator "RC"]
[PlyCount "156"]
[EventDate "2021.01.10"]
[EventType "swiss"]
[EventCountry "ISR"]
[SourceTitle "playchess.com"]
[Source "ChessBase"]
[SourceQuality "1"]
[TimeControl "40/5400+30:3600+30"]

1. d4 d5 2. e3 Nf6 3. Bd3 e6 4. Nd2 c5 5. c3 Nc6 6. f4 Bd6 7. Qf3 Qc7 8. Ne2 cxd4 9. exd4 Bd7 10. h3 h6 11. g4 O-O-O 12. b4 Ne7 13. a4 Ne4 14. Bxe4 dxe4 15. Nxe4 Bc6 16. b5 Bd5 17. Rg1 Bxe4 18. Qxe4 Nd5 19. Bd2 Qc4 20. Rg3 Kb8 21. Qd3 Qxd3 22. Rxd3 Rc8 23. Rf3 Rhe8 24. Ng3 f6 25. Kd1 Rc4 26. Kc2 Rec8 27. Kb3 R4c7 28. Re1 Bxf4 29. Rxf4 Nxf4 30. Bxf4 e5 31. dxe5 Rxc3+ 32. Kb2 g5 33. Rc1 Rxc1 34. Bxc1 fxe5 35. Be3 b6 36. Nf5 Rh8 37. Kc3 Kc7 38. Kc4 h5 39. Kd5 hxg4 40. hxg4 Rh1 41. a5 Rb1 42. axb6+ axb6 43. Kc4 Ra1 44. Nh6 Re1 45. Bxg5 Re4+ 46. Kc3 Kd6 47. Nf5+ Ke6 48. Ne3 Kd7 49. Bh6 Ke6 50. Kb3 Kf7 51. Nc4 Kg6 52. Bd2 Kf6 53. g5+ Kg6 54. Nxb6 Rd4 55. Nc4 Rd5 56. Kb4 e4 57. b6 Rd8 58. Be3 Kf5 59. Kc5 Rc8+ 60. Kd5 Rd8+ 61. Nd6+ Kg4 62. Kc6 Kf3 63. Kc7 Rg8 64. Nc4 Rg7+ 65. Kc8 Rg8+ 66. Kb7 Rg7+ 67. Ka8 Rg8+ 68. Ka7 Rg7+ 69. b7 Rc7 70. Nb6 Rg7 71. Ka8 Rxb7 72. Kxb7 Kxe3 73. Nd5+ Kd4 74. Kc6 Ke5 75. Ne3 Ke6 76. Kc5 Kf7 77. Kd5 Kg6 78. Kxe4 Kxg5 1/2-1/2

[Event "Israel-ch Women 2021"]
[Site "Haifa"]
[Date "2021.03.08"]
[Round "2.23"]
[White "Kochavi, Dana"]
[Black "Gadasi, Noam"]
[Result "1/2-1/2"]
[ECO "B88"]
[WhiteElo "1572"]
[BlackElo "1781"]
[Annotator "NA RC"]
[PlyCount "81"]
[EventDate "2021.01.10"]
[EventType "swiss"]
[EventCountry "ISR"]
[SourceTitle "playchess.com"]
[Source "ChessBase"]
[SourceQuality "1"]
[TimeControl "40/5400+30:3600+30"]

1. e4 c5 2. Nf3 d6 3. d4 cxd4 4. Nxd4 Nf6 5. Nc3 a6 6. Bc4 e6 7. Bb3 Be7 8. O-O Nc6 9. a4 Qc7 10. h3 O-O 11. Be3 Na5 12. f4 Nc4 13. Bxc4 Qxc4 14. Qd3 Qxd3 15. cxd3 Nd7 16. Rfd1 Bf6 17. Nce2 g6 18. Ra2 b6 19. b4 a5 20. bxa5 Rxa5 21. Nb3 Ra8 22. d4 Bb7 23. Nc3 Rfc8 24. Rc1 Rc4 25. Nd2 Rb4 26. Ne2 Ba6 27. Rc7 Nf8 28. Kf2 Bxe2 29. Kxe2 Bxd4 30. Nc4 Bxe3 31. Kxe3 d5 32. Nd6 Rd8 33. e5 Rd7 34. Rc6 Ra7 35. Ne8 Ra8 36. Nf6+ Kg7 37. g4 Rb8 38. Kf3 Rc4 39. Rd6 Rc3+ 40. Kg2 h6 41. Rb2 1/2-1/2

[Event "Israel-ch Women 2021"]
[Site "Haifa"]
[Date "2021.03.09"]
[Round "3.19"]
[White "Orian, Noga"]
[Black "Golovchanskaya, Alina"]
[Result "1/2-1/2"]
[ECO "D02"]
[WhiteElo "1658"]
[BlackElo "1681"]
[Annotator "NA RC"]
[PlyCount "99"]
[EventDate "2021.01.10"]
[EventType "swiss"]
[EventCountry "ISR"]
[SourceTitle "playchess.com"]
[Source "ChessBase"]
[SourceQuality "1"]
[TimeControl "40/5400+30:3600+30"]

1. d4 Nf6 2. Nf3 g6 3. Bf4 Bg7 4. e3 O-O 5. Be2 d5 6. h3 Nbd7 7. O-O Ne4 8. Nbd2 c5 9. c3 Qb6 10. Qc1 Ndf6 11. Be5 Bf5 12. Nxe4 Nxe4 13. Bxg7 Kxg7 14. Rd1 c4 15. Nd2 h5 16. Nxe4 Bxe4 17. f3 Bf5 18. Qd2 Rac8 19. f4 a5 20. Bf3 Qe6 21. Qf2 b5 22. a3 Rb8 23. Re1 Be4 24. Bxe4 Qxe4 25. Qf3 Qxf3 26. gxf3 e6 27. e4 Rfe8 28. Re2 b4 29. axb4 axb4 30. Ra5 bxc3 31. bxc3 Rb1+ 32. Kg2 Rc1 33. exd5 Rxc3 34. dxe6 Rxe6 35. Rxe6 fxe6 36. d5 exd5 37. Rxd5 Rb3 38. Rc5 c3 39. f5 gxf5 40. Rxf5 Rb2+ 41. Kg3 h4+ 42. Kf4 Rb4+ 43. Ke3 Rc4 44. Rg5+ Kf6 45. Rg1 c2 46. Rc1 Rc3+ 47. Kd4 Rxf3 48. Rxc2 Rxh3 49. Ke4 Rg3 50. Kf4 1/2-1/2

[Event "Israel-ch Women 2021"]
[Site "Haifa"]
[Date "2021.03.09"]
[Round "3.22"]
[White "Gadasi, Noam"]
[Black "Aleksandrova, Aleksandra"]
[Result "1-0"]
[ECO "B12"]
[WhiteElo "1781"]
[BlackElo "1769"]
[Annotator "NA RC"]
[PlyCount "85"]
[EventDate "2021.01.10"]
[EventType "swiss"]
[EventCountry "ISR"]
[SourceTitle "playchess.com"]
[Source "ChessBase"]
[SourceQuality "1"]
[TimeControl "40/5400+30:3600+30"]

1. e4 d6 2. d4 c6 3. c4 Qc7 4. Nc3 Nd7 5. Be3 Ngf6 6. f3 e5 7. Nge2 Be7 8. Qd2 a5 9. g4 h6 10. Ng3 exd4 11. Bxd4 Ne5 12. Be2 Be6 13. b3 d5 14. f4 Nexg4 15. h3 c5 16. Nb5 Qb8 17. Bb2 Nh5 18. Nxh5 Bh4+ 19. Kf1 Nf2 20. Be5 Nxe4 21. Qe3 Qd8 22. f5 Bg5 23. Qd3 Nd2+ 24. Kg1 d4 25. Qg3 Bd7 26. Nxg7+ Kf8 27. h4 Be7 28. Ne6+ Bxe6 29. Qg7+ Ke8 30. Qxh8+ Kd7 31. fxe6+ fxe6 32. Qxd8+ Rxd8 33. Kf2 Ne4+ 34. Ke1 Rf8 35. Rh2 Rf5 36. Bc7 Nc3 37. Bxa5 Nxe2 38. Kxe2 Bf6 39. Rf1 Rxf1 40. Kxf1 e5 41. Bd2 e4 42. Bxh6 Be5 43. Rg2 1-0

[Event "Israel-ch Women 2021"]
[Site "Haifa"]
[Date "2021.03.09"]
[Round "3.23"]
[White "Shaul Seidner, Liad"]
[Black "Lian, Marina"]
[Result "0-1"]
[ECO "A08"]
[WhiteElo "1687"]
[BlackElo "1870"]
[Annotator "NA RC"]
[PlyCount "58"]
[EventDate "2021.01.10"]
[EventType "swiss"]
[EventCountry "ISR"]
[SourceTitle "playchess.com"]
[Source "ChessBase"]
[SourceQuality "1"]
[TimeControl "40/5400+30:3600+30"]

1. e4 e6 2. d3 d5 3. Nd2 c5 4. Ngf3 Nc6 5. g3 g6 6. Bg2 Bg7 7. O-O Nge7 8. Re1 h6 9. c3 b6 10. exd5 Nxd5 11. Nc4 Qc7 12. Ng5 O-O 13. Ne4 Rd8 14. a4 a5 (14... e5 $15) 15. Bd2 (15. Ned2 $11) 15... f5 16. Ned6 Rxd6 17. Nxd6 Qxd6 18. Qb3 Rb8 19. Re2 Bd7 20. Rae1 Kf7 21. h4 Rb7 22. Bc1 $19 Rb8 23. Bd2 Re8 24. Bc1 Ne5 25. Qc2 Ng4 26. Bf3 h5 27. Bg2 Bc6 28. Bg5 Qd7 29. Bxd5 Qxd5 0-1

[Event "Israel-ch Women 2021"]
[Site "Haifa"]
[Date "2021.03.10"]
[Round "4.21"]
[White "Lian, Marina"]
[Black "Gadasi, Noam"]
[Result "1-0"]
[ECO "B23"]
[WhiteElo "1870"]
[BlackElo "1781"]
[Annotator "NA RC"]
[PlyCount "123"]
[EventDate "2021.01.10"]
[EventType "swiss"]
[EventCountry "ISR"]
[SourceTitle "playchess.com"]
[Source "ChessBase"]
[SourceQuality "1"]
[TimeControl "40/5400+30:3600+30"]

1. e4 c5 2. Nc3 Nc6 3. f4 g6 4. Nf3 Bg7 5. Bc4 e6 6. f5 Nge7 7. fxe6 fxe6 8. d3 d5 9. Bb3 O-O 10. a3 Nd4 11. Nxd4 Bxd4 12. Rf1 b5 13. Bh6 Rxf1+ 14. Kxf1 Bg7 15. Bxg7 Kxg7 16. Nxb5 Ba6 17. Nc3 Qb6 18. Na4 Qc7 19. Kg1 Qe5 20. exd5 Qd4+ 21. Kh1 exd5 22. Qe2 Nf5 23. Qe6 Bb5 24. Qxd5 Qxd5 25. Bxd5 Rd8 26. Nc3 Ba6 27. Re1 Rd7 28. Re6 Bb7 29. Bxb7 Rxb7 30. Na4 Nd4 31. Re5 Nxc2 32. Rxc5 Nxa3 33. Kg1 Nb5 34. Kf2 Nd4 35. Rc4 Rf7+ 36. Ke3 Nf5+ 37. Ke2 Rd7 38. Nc5 Re7+ 39. Kd2 Ne3 40. Re4 Rxe4 41. Nxe4 Nxg2 42. d4 Nf4 43. Kc3 h6 44. Kc4 Kf7 45. d5 Ke7 46. d6+ Kd7 47. Kd4 g5 48. b3 Kc6 49. Ke5 Ng6+ 50. Kf6 Nf4 51. Ke7 Ng6+ 52. Kf6 Nf4 53. Kg7 h5 54. Kf6 g4 55. Kg5 Ne6+ 56. Kxh5 Kd5 57. Ng5 ({Reject} 57. Kxg4 $6 Kxe4 58. d7 Ke5 $11) 57... Nd8 (57... Nc5 $142) 58. d7 Kd6 59. Kxg4 Kxd7 60. Kf5 Ke7 61. h4 Kf8 (61... Nc6 $16 62. Nf3 a6) 62. Ne6+ 1-0

[Event "Israel-ch Women 2021"]
[Site "Haifa"]
[Date "2021.03.10"]
[Round "4.23"]
[White "Aleksandrova, Aleksandra"]
[Black "Shaul Seidner, Liad"]
[Result "1-0"]
[ECO "D00"]
[WhiteElo "1769"]
[BlackElo "1687"]
[Annotator "NA RC"]
[PlyCount "113"]
[EventDate "2021.01.10"]
[EventType "swiss"]
[EventCountry "ISR"]
[SourceTitle "playchess.com"]
[Source "ChessBase"]
[SourceQuality "1"]
[TimeControl "40/5400+30:3600+30"]

1. d4 Nf6 2. Nd2 d5 3. e3 e6 4. Bd3 c5 5. c3 Nc6 6. f4 Bd6 7. Ngf3 O-O 8. Ne5 g6 9. O-O Ne7 10. Rf3 Nf5 11. Rh3 h5 12. Ndf3 Ng4 13. Ng5 Bxe5 14. dxe5 c4 15. Be2 Nfh6 16. Qc2 Nf5 17. Qd1 Nfh6 18. Rf3 Nf5 19. h3 Ngh6 20. Rf2 Qb6 21. Bxh5 Nxe3 22. Qe2 Nef5 23. Bf3 Ng3 24. Qc2 Nhf5 25. Kh2 Bd7 26. Bg4 Ne3 27. Bxe3 Qxe3 28. Rf3 Qe2 29. Qxe2 Nxe2 30. Rf2 Nxc3 31. bxc3 b5 32. Bd1 a5 33. a3 Rab8 34. Rb2 Rb7 35. Nf3 Rfb8 36. Rab1 Kf8 37. Nd4 b4 38. axb4 axb4 39. Rxb4 Rxb4 40. Rxb4 Ra8 41. Rb7 Be8 42. Rb1 Ra3 43. Ne2 Kg7 44. Rc1 Ra2 45. Nd4 Rf2 46. Ne2 Rf1 47. Kg3 g5 48. Bc2 gxf4+ 49. Kg4 Rf2 50. Nxf4 Kh6 51. Kg3 Rd2 52. h4 Bc6 53. Bd1 Bb5 54. Bh5 Kg7 55. Rb1 Be8 56. Rb8 Bc6 57. Rc8 1-0

[Event "Israel-ch Women 2021"]
[Site "Haifa"]
[Date "2021.03.11"]
[Round "5.19"]
[White "Lian, Marina"]
[Black "Golovchanskaya, Alina"]
[Result "1-0"]
[ECO "B23"]
[WhiteElo "1870"]
[BlackElo "1681"]
[Annotator "NA RC"]
[PlyCount "131"]
[EventDate "2021.01.10"]
[EventType "swiss"]
[EventCountry "ISR"]
[SourceTitle "playchess.com"]
[Source "ChessBase"]
[SourceQuality "1"]
[TimeControl "40/5400+30:3600+30"]

1. e4 c5 2. Nc3 Nc6 3. f4 g6 4. Nf3 Bg7 5. Bb5 e6 ({Better is} 5... Nd4 $11) 6. O-O (6. Bxc6 $14 dxc6 7. d3) 6... Nge7 7. d3 Na5 8. e5 a6 9. Ba4 b5 10. Bb3 d5 11. exd6 Qxd6 12. Ne4 Qd8 13. c3 Nb7 14. a4 Bd7 15. axb5 axb5 16. Rxa8 Qxa8 17. Be3 Qc8 {[%emt 0:05:55] [#]} (17... O-O $14) 18. Bxc5 $1 Nf5 19. Bf2 O-O 20. Ne5 Be8 21. Qa1 Nfd6 {[%emt 0:01:06] [#]} 22. Nxd6 $1 Nxd6 23. Qa7 Nb7 24. Qb6 Bxe5 25. fxe5 h6 26. Be3 Qc6 27. Qd4 Kg7 28. Qf4 Rh8 29. Qf6+ Kg8 30. d4 Na5 31. Bc2 Nc4 32. Bc1 Rh7 33. Rf3 Nb6 {[%emt 0:00:55] [#]} 34. Bxg6 $1 Rg7 {[%emt 0:00:19] [#]} 35. Bh5 (35. Bxf7+ $142 $1 Bxf7 36. Bxh6 Rxg2+ {[%mdl 64] Remove Defender} 37. Kxg2 Qxf3+ 38. Kxf3 Bh5+ 39. Kg3 Kh7 40. Qg7#) 35... Nd5 36. Qh4 Kh7 37. Qe4+ Kg8 38. Bxh6 Ne7 39. Qxc6 Bxc6 40. Bxg7 Bxf3 41. Bxf3 Kxg7 42. g4 Kh6 43. Kf2 Kg5 44. Kg3 f5 45. exf6 Kxf6 46. h4 Nc8 47. Kf4 Nd6 48. g5+ Kf7 49. h5 Nc4 50. Be2 Nxb2 51. Bxb5 Nd1 52. c4 Nc3 53. Ke5 Ke7 54. h6 Kf7 55. h7 Kg7 56. g6 Ne2 57. Be8 Ng3 58. Kxe6 Kh8 59. c5 Ne4 60. c6 Nf6 61. Bf7 Nxh7 62. gxh7 Kxh7 63. c7 Kg7 64. c8=Q Kh6 65. Kf6 Kh7 66. Qg8+ 1-0

[Event "Israel-ch Women 2021"]
[Site "Haifa"]
[Date "2021.03.11"]
[Round "5.20"]
[White "Orian, Noga"]
[Black "Kochavi, Dana"]
[Result "1/2-1/2"]
[ECO "E43"]
[WhiteElo "1658"]
[BlackElo "1572"]
[Annotator "NA RC"]
[PlyCount "116"]
[EventDate "2021.01.10"]
[EventType "swiss"]
[EventCountry "ISR"]
[SourceTitle "playchess.com"]
[Source "ChessBase"]
[SourceQuality "1"]
[TimeControl "40/5400+30:3600+30"]

1. d4 Nf6 2. c4 e6 3. Nc3 Bb4 4. e3 c5 5. Bd3 O-O 6. Nf3 b6 7. a3 Bxc3+ 8. bxc3 Bb7 9. O-O d6 10. Qe2 Nbd7 11. e4 e5 12. d5 h6 13. Ne1 Re8 14. Nc2 Nf8 15. Ne3 Bc8 16. g4 g6 17. Kh1 N8h7 18. f3 h5 19. Bc2 h4 20. Ba4 Bd7 21. Bxd7 Nxd7 22. g5 Kg7 23. Rg1 Rh8 24. Qf2 Qc8 25. Qxh4 Nhf8 26. Qf2 a6 27. a4 Rb8 28. Rb1 Qe8 29. Kg2 Rb7 30. Kf1 Nb8 31. Qe2 Qxa4 32. Bd2 Qd7 33. Rg3 a5 34. Ng4 Nh7 35. Qg2 Qa4 36. Qe2 Qa2 37. Re1 Qb3 38. Kf2 a4 39. Rgg1 a3 40. Rb1 Qa4 41. Ra1 a2 42. Be3 Ra7 43. Rgc1 f5 44. gxf6+ Nxf6 45. Kg1 Nxg4 46. fxg4 Qb3 47. Bg5 Nd7 48. h4 Nf8 49. h5 gxh5 50. gxh5 Kh7 51. Qf1 Rg7 52. Qf5+ Kg8 53. Rf1 Rxh5 54. Qxf8+ Kh7 55. Qf5+ Kh8 56. Qf8+ Kh7 57. Qf5+ Kh8 58. Qf8+ Kh7 1/2-1/2

[Event "Israel-ch Women 2021"]
[Site "Haifa"]
[Date "2021.03.12"]
[Round "6.6"]
[White "Kochavi, Dana"]
[Black "Aleksandrova, Aleksandra"]
[Result "0-1"]
[ECO "B12"]
[WhiteElo "1572"]
[BlackElo "1769"]
[Annotator "NA RC"]
[PlyCount "180"]
[EventDate "2021.01.10"]
[EventType "swiss"]
[EventCountry "ISR"]
[SourceTitle "playchess.com"]
[Source "ChessBase"]
[SourceQuality "1"]
[TimeControl "40/5400+30:3600+30"]

1. e4 d6 2. d4 Nd7 3. Nc3 c6 4. f4 e5 5. Nf3 Qc7 6. g4 Be7 7. a4 exd4 8. Qxd4 Bf6 9. Qd2 g6 10. h3 a5 11. Bc4 Ne7 12. Qe3 O-O 13. Bd2 d5 14. exd5 cxd5 15. Bb3 d4 16. Nxd4 Bh4+ 17. Kd1 Nb6 18. Ncb5 Qd8 19. c3 Bd7 20. Kc2 Rc8 21. Rad1 Bc6 22. Nxc6 bxc6 23. Na3 Ned5 24. Qf3 Be7 25. c4 Bxa3 26. bxa3 Qe7 27. Bc1 Nf6 28. Bb2 Qe4+ 29. Qxe4 Nxe4 30. Rde1 Rfe8 31. Be5 Nc5 32. Bd4 Nbxa4 33. Bxa4 Nxa4 34. c5 Red8 35. Rd1 Rd5 36. Kb3 Nxc5+ 37. Bxc5 Rxc5 38. Rc1 Rb8+ 39. Ka2 Rbb5 40. Rxc5 Rxc5 41. Kb3 Kf8 42. Re1 f5 43. g5 Kf7 44. h4 Rd5 45. Kc3 c5 46. h5 gxh5 47. Rh1 Kg6 48. Rb1 Rd4 49. Rb6+ Kg7 50. Rb7+ Kg8 51. Rb8+ Kf7 52. Rb7+ Ke6 53. Rxh7 Rxf4 54. Rxh5 Rg4 55. Rh6+ Kd5 56. Rg6 Rg3+ 57. Kb2 Kc4 58. Rg8 Rg2+ 59. Kc1 Kb3 60. g6 Kxa3 61. Rc8 Kb4 62. Rb8+ Kc3 63. Kb1 Rxg6 64. Rb5 c4 65. Rxf5 Rb6+ 66. Ka2 Kb4 67. Kb2 a4 68. Rf4 Rd6 69. Rf8 a3+ 70. Ka2 c3 71. Rf4+ Kc5 72. Kxa3 Rb6 73. Rf8 Kc4 74. Ka2 Rb5 75. Rd8 c2 76. Rc8+ Kd3 77. Rd8+ Kc3 78. Rc8+ Kd2 79. Rd8+ Kc1 80. Ra8 Rb2+ 81. Ka1 Rb1+ 82. Ka2 Kd2 83. Rd8+ Ke3 84. Re8+ Kd4 85. Rc8 c1=R 86. Rd8+ Ke5 87. Rd3 Rb8 88. Ra3 Rc2+ 89. Ka1 Rh8 90. Kb1 Re2 0-1

[Event "Israel-ch Women 2021"]
[Site "Haifa"]
[Date "2021.03.13"]
[Round "7.17"]
[White "Shvayger, Yuliya"]
[Black "Orian, Noga"]
[Result "1-0"]
[ECO "C45"]
[WhiteElo "2327"]
[BlackElo "1658"]
[Annotator "NA"]
[PlyCount "60"]
[EventDate "2021.01.10"]
[EventType "swiss"]
[EventCountry "ISR"]
[SourceTitle "playchess.com"]
[Source "ChessBase"]
[SourceQuality "1"]
[TimeControl "40/5400+30:3600+30"]

1. e4 d6 2. d4 Nf6 3. Nc3 e5 4. Nf3 exd4 5. Nxd4 Be7 6. Bd3 Nc6 7. Nxc6 bxc6 8. O-O O-O 9. f4 Nd7 10. Be3 Rb8 11. Rb1 Nb6 12. Qf3 Bb7 13. Rbd1 d5 14. Qf2 Bb4 15. Ne2 dxe4 16. Bxe4 Qe7 17. Ng3 Ba6 18. Bd3 Bxd3 19. Rxd3 Rbd8 20. Bd4 Rd5 21. Bxg7 Rfd8 22. Bd4 Qd7 23. Ne4 Qf5 24. Nf6+ Kf8 25. Nxd5 Rxd5 26. Kh1 c5 27. Be3 Nc4 28. Rxd5 Qxd5 29. a3 Nxe3 30. Qxe3 Qc4 1-0

[Event "Israel-ch Women 2021"]
[Site "Haifa"]
[Date "2021.03.13"]
[Round "7.18"]
[White "Haitovich, Avital"]
[Black "Katkov, Michelle"]
[Result "1-0"]
[ECO "C77"]
[WhiteElo "1981"]
[BlackElo "2078"]
[Annotator "NA"]
[PlyCount "27"]
[EventDate "2021.01.10"]
[EventType "swiss"]
[EventCountry "ISR"]
[SourceTitle "playchess.com"]
[Source "ChessBase"]
[SourceQuality "1"]
[TimeControl "40/5400+30:3600+30"]

1. e4 e5 2. Nf3 Nc6 3. Bb5 a6 4. Ba4 Nf6 5. d3 b5 6. Bb3 Bc5 7. Nc3 d6 8. Nd5 h6 9. c3 Rb8 10. O-O O-O 11. Be3 Be6 12. d4 Ba7 13. Nxf6+ Qxf6 14. d5 1-0